 Dungeon Crawl Stone Soup version 0.25.0-11-g1f837a76a1 (webtiles) character file.

Game seed: 17846285294850822647

211263 Flugkiller the Severer (level 17, -6/153 HPs)
             Began as a Deep Dwarf Fighter on June 27, 2020.
             Was the Champion of Makhleb.
             Blown up by an eye of devastation (29 damage)
             ... with a bolt of energy
             ... on level 2 of the Pits of Slime.
             The game lasted 00:17:40 (16612 turns).

Flugkiller the Severer (Deep Dwarf Fighter)        Turns: 16612, Time: 00:17:41

Health: -6/153     AC:  9    Str: 31    XL:     17   Next: 29%
Magic:  6/13       EV:  9    Int: 16    God:    Makhleb [******]
Gold:   527        SH: 19    Dex: 14    Spells: 16/16 levels left

rFire    + . .     SeeInvis .   F - +2 broad axe
rCold    . . .     Gourm    .   I - +0 kite shield
rNeg     + . .     Faith    .   y - +9 chain mail of the Bruised Teeth {rCorr Int+3 Dex+4}
rPois    .         Spirit   .   Q - +1 helmet "Ceyq" {rElec MR+ Stlth+}
rElec    +         Reflect  +   s - +0 cloak
rCorr    +         Harm     .   G - +3 pair of gloves "Ygiecs" {MR+ Str+4 Int+4}
MR       ++++.                  B - +1 pair of boots
Stlth    ..........             L - amulet of reflection
HPRegen  0.00/turn              f - ring of protection from fire
MPRegen  0.13/turn              p - +4 ring of protection

@: corroded, non-regenerating
A: damage resistance, heal wounds, clumsy 1, frail 1, negative energy resistance
1, sense surroundings 2, screaming 1, no potion heal 1, no regeneration
}: 3/15 runes: decaying, serpentine, slimy
a: Heal Wounds, Minor Destruction, Lesser Servant of Makhleb, Major Destruction,
Greater Servant of Makhleb, Renounce Religion


You were on level 2 of the Pits of Slime.
You worshipped Makhleb.
Makhleb was exalted by your worship.
You were not hungry.

You visited 5 branches of the dungeon, and saw 33 of its levels.
You also visited: Sewer and Gauntlet.

You collected 1343 gold pieces.
You spent 816 gold pieces at shops.

Inventory:

Hand Weapons
 F - a +2 broad axe (weapon)
   (You bought it in a shop on level 8 of the Dungeon)
Armour
 m - the +6 chain mail of the Invisible Hand {rF+ Dex+3}
   (You took it off a minotaur in a Gauntlet)

   It affects your dexterity (+3).
   It protects you from fire.
 s - a +0 cloak (worn)
   (You found it on level 3 of the Dungeon)
 y - the +9 chain mail of the Bruised Teeth (worn) {rCorr Int+3 Dex+4}
   (You found it on level 5 of the Dungeon)

   It affects your intelligence (+3).
   It affects your dexterity (+4).
   It provides partial protection from all sources of acid and corrosion.
 B - a +1 pair of boots (worn)
   (You found it on level 6 of the Dungeon)
 G - the +3 pair of gloves "Ygiecs" (worn) {MR+ Str+4 Int+4}
   (You found it in a Gauntlet)

   It affects your strength (+4).
   It affects your intelligence (+4).
   It affects your resistance to hostile enchantments.
 I - a +0 kite shield (worn)
 O - the +4 plate armour of Death Resistance {rPois}
   (You found it on level 4 of the Snake Pit)

   It protects you from poison.
 Q - the +1 helmet "Ceyq" (worn) {rElec MR+ Stlth+}
   (You found it on level 5 of the Pits of Slime)

   It insulates you from electricity.
   It affects your resistance to hostile enchantments.
   It makes you more stealthy.
Jewellery
 a - the ring of Ufabuel {MR+ Stlth+}
   (You found it in a Gauntlet)

   [ring of protection from magic]

   It affects your resistance to hostile enchantments.
   It makes you more stealthy.
 b - the ring "Folixtyjea" {rC++ MR- SInv Stlth+}
   (You found it in a Gauntlet)

   [ring of see invisible]

   It greatly protects you from cold.
   It affects your resistance to hostile enchantments.
   It lets you see invisible.
   It makes you more stealthy.
 c - an uncursed ring of protection from cold
   (You found it on level 3 of the Dungeon)
 f - a ring of protection from fire (left hand)
   (You found it on level 5 of the Pits of Slime)
 i - an uncursed ring of see invisible
   (You found it on level 10 of the Dungeon)
 o - an uncursed ring of poison resistance
   (You bought it in a shop on level 4 of the Dungeon)
 p - a +4 ring of protection (right hand)
   (You found it on level 3 of the Lair of Beasts)
 L - an amulet of reflection (around neck)
   (You found it on level 3 of the Dungeon)
 S - the ring of Badet {rElec MR+ MP-9 Int+3 Stlth-, unknown}
   (You found it on level 5 of the Pits of Slime)

   [ring of attention]

   It affects your intelligence (+3).
   It insulates you from electricity.
   It affects your resistance to hostile enchantments.
   It affects your magic capacity (-9).
   It makes you less stealthy.
Wands
 v - a wand of digging (4)
   (You found it on level 8 of the Dungeon)
 C - a wand of iceblast (15)
   (You found it in a Gauntlet)
 J - a wand of enslavement (3)
   (You found it on level 5 of the Lair of Beasts)
 M - a wand of acid (8)
   (You found it on level 3 of the Lair of Beasts)
Scrolls
 g - 6 scrolls of fear
 r - 2 scrolls of identify
 t - 8 scrolls of teleportation
 x - 9 scrolls of remove curse
 z - a scroll of blinking
 K - 3 scrolls of fog
Potions
 d - a potion of might
 h - 3 potions of haste
 j - a potion of cancellation
 n - 4 potions of resistance
 q - 10 potions of curing
 u - 3 potions of lignification
 w - 4 potions of heal wounds
 A - a potion of mutation {unknown}
 D - 2 potions of magic
 E - 2 potions of ambrosia
 H - a potion of invisibility {unknown}
 P - 5 potions of flight
Comestibles
 e - 54 rations


   Skills:
 * Level 15.5 Fighting
 * Level 17.8 Axes
 + Level 13.5 Armour
 + Level 13.5 Shields
 - Level 15.0 Invocations


You had 16 spell levels left.
You didn't know any spells.
Your spell library was empty.

Dungeon Overview and Level Annotations

Branches:
Dungeon (15/15)            Temple (0/1) D:5            Lair (5/6) D:10
  Swamp (4/4) Lair:4        Snake (4/4) Lair:3        Slime (5/5) Lair:5
 Depths (0/5) D:15          Sewer (visited)         Gauntlet (visited)
    Orc: D:9-12      Vaults: D:13-14

Altars:
Elyvilon
Fedhas
Makhleb
Okawaru
Qazlal
Sif Muna
Trog
Xom
Yredelemnul
The Shining One
Jiyva

Shops:
D:4 *   D:7 (   D:8 ((   D:9 (   Snake:3 !

Annotations:
D:4 exclusion: door
D:6 1 runed translucent door, Nebesus's ghost, novice FoAK
D:9 2 transporters, Skimidon's ghost, novice HOFi
Lair:4 exclusion: 2 oklob plants
Lair:5 3 runed translucent doors, Zimaveycw's ghost, journeyman OpFi
Swamp:4 exclusion: oklob plant
Snake:4 2 runed translucent doors


Innate Abilities, Weirdness & Mutations

You are resistant to damage.
You can heal yourself by infusing magical energy.
You resist negative energy. (rN+)
You passively map the area around you.
You do not regenerate.
You are clumsy. (Dex -2)
You are frail. (-10% HP)
You occasionally shout uncontrollably at your foes.
Potions are less effective at restoring your health.


Message History

The eye of devastation gazes at you. The bolt of energy hits you!!!
* * * LOW HITPOINT WARNING * * *
You are too injured to fight recklessly!
You are too injured to fight recklessly!
You are too injured to fight recklessly!
You hit the acid blob but do no damage. The acid corrodes you!
Your hands burn!
The acid blob is almost dead.
You hit the eye of devastation but do no damage.
The acid blob spits acid at you.
The splash of acid reflects off an invisible shield around you!
The splash of acid hits the acid blob.
The acid blob completely resists.
Your magical essence is drained by the effort!
You feel much better. The acid blob hits you!!
* * * LOW HITPOINT WARNING * * *
You are splashed with acid.
You resist.
* * * LOW HITPOINT WARNING * * *
The eye of devastation gazes at you. The bolt of energy hits you!!
You die...

### #.......#....
##.####........#.... ,
, ##...................
, ,
#..<...........#.....
,,,,
#.....................
, ,
##...#................,
##...................
#................... ,
, *
##..........@G...... ,
, #...........J......
,* ,
.......#........... * ,
................... * ,
*,* .............#....
#................ , * *
.........#..... * ,
#.......#.#.###*,, *
.......... ## * ,


You could see an acid blob and an eye of devastation.

Vanquished Creatures
  the Royal Jelly (Slime:5)
  Vashnia (Snake:4)
  14 acid blobs
  A thorn hunter (Swamp:2)
  Agnes (Snake:4)
  6 nagarajas
  A fire giant (D:15)
  4 azure jellies (Slime:5)
  Snorg (Lair:3)
  A minotaur (Gauntlet)
  9 death oozes (Slime:5)
  Erolcha (D:10)
  A shambling mangrove (Swamp:4)
  7 naga warriors
  4 ghost crabs
  3 centaur warriors
  An ogre mage (D:14)
  7 anacondas
  4 hydras
  6 alligators
  A death scarab (Gauntlet)
  7 two-headed ogres
  5 shock serpents
  Urug (D:10)
  15 naga sharpshooters
  2 thrashing horrors (Gauntlet)
  6 spriggans
  A wizard (D:14)
  2 swamp dragons
  3 unseen horrors
  2 phantasmal warriors (Swamp:4)
  A spectral hydra (Gauntlet)
  4 spriggan druids
  7 naga ritualists
  Pikel (D:8)
  A lindwurm (Lair:4)
  An orc knight (D:15)
  A wolf spider zombie (D:14)
  4 ugly things
  4 mana vipers
  A cyclops (D:15)
  5 salamanders
  3 shining eyes
  A manticore (D:15)
  Maurice (D:12)
  18 black mambas
  3 elephants (Lair:5)
  16 naga magi
  A guardian serpent (Snake:3)
  8 spiny frogs
  2 eyes of devastation (Slime:5)
  3 gargoyles
  Psyche (D:8)
  4 swamp worm zombies (Swamp:4)
  2 komodo dragons
  2 rime drakes
  A queen bee (Lair:4)
  A troll (D:11)
  4 hydra zombies (Swamp:4)
  A jumping spider (shapeshifter) (D:13)
  5 tyrant leeches
  A polar bear (Lair:3)
  50 slime creatures
  5 bog bodies
  7 hornets
  3 meliai (Lair:4)
  5 spectral swamp dragons (Swamp:4)
  Prince Ribbit (D:8)
  7 blink frogs
  5 hippogriffs
  3 alligator zombies (Swamp:4)
  Sigmund (D:4)
  A small abomination (Gauntlet)
  2 shadows (Swamp:1)
  2 wyverns (Lair:4)
  A fire elemental (Lair:2)
  A basilisk (Lair:1)
  A spectral komodo dragon (Gauntlet)
  3 golden eyes (Slime:3)
  8 yaks
  Grum (D:8)
  A hungry ghost (D:10)
  16 vampire mosquitoes
  6 insubstantial wisps (Swamp:4)
  A warg (D:15)
  8 swamp worms
  20 nagas
  9 porcupines
  8 water moccasins
  2 swamp drakes
  Duvessa (D:6)
  3 black bears (Lair:3)
  8 orc warriors
  2 sky beasts
  4 slaves (D:8)
  An eye of draining (Slime:2)
  4 ice beasts
  8 phantoms
  3 swamp dragon zombies (Swamp:4)
  6 centaurs
  3 wolves (D:8)
  2 ogres
  10 crocodiles
  6 bullfrogs
  A wyvern zombie (D:12)
  4 big kobolds
  A gnoll sergeant (D:9)
  A water moccasin zombie (D:10)
  Dowan (D:6)
  4 scorpions
  38 killer bees
  3 electric eels (Snake:2)
  4 wights (D:15)
  3 howler monkeys
  4 bullfrog zombies
  7 crimson imps
  A quasit (D:5)
  7 hounds
  2 jellies
  3 orc priests
  3 bullfrog skeletons
  13 orc wizards
  4 centaur skeletons
  5 iguanas
  A spectral swamp drake (Swamp:4)
  6 worker ants
  2 hell rats (Lair:5)
  A killer bee zombie (D:9)
  17 adders
  7 gnolls
  7 river rats
  2 oozes
  3 adder skeletons
  3 worms
  A dart slug (D:1)
  7 leopard geckos
  52 orcs
  2 giant cockroaches (D:4)
  A goblin (D:3)
  7 hobgoblins
  6 jackals
  28 kobolds
  6 quokkas
  6 ball pythons
  11 bats
  3 frilled lizards
  A jackal skeleton (D:4)
  A leopard gecko skeleton (D:4)
  2 quokka skeletons
  20 rats
  6 briar patches (Swamp:2)
  A fungus (D:10)
785 creatures vanquished.

Vanquished Creatures (collateral kills)
  Bai Suzhen (Swamp:3)
  3 acid blobs (Slime:5)
  An azure jelly (Slime:5)
  3 hydras
  A death scarab (Gauntlet)
  A salamander (Snake:4)
  An eye of devastation (Slime:5)
  A black mamba (Snake:4)
  2 spiny frogs
  A rime drake (Lair:3)
  2 tyrant leeches
  2 slime creatures (Slime:5)
  A porcupine (Lair:3)
  A small abomination (Gauntlet)
  A bullfrog (Lair:2)
  A rat (Lair:5)
  A demonic plant (Gauntlet)
24 creatures vanquished.

Vanquished Creatures (others)
  A mana viper (Snake:4)
  2 naga magi (Snake:4)
  An insubstantial wisp (Swamp:4)
  A kobold (D:4)
  A briar patch (Swamp:2)
  18 demonic plants (Gauntlet)
  A fire vortex (Lair:2)
  A fungus (D:10)
  A plant (Lair:4)
  9 toadstools (D:4)
  3 withered plants (Gauntlet)
39 creatures vanquished.

Grand Total: 848 creatures vanquished

Notes
Turn   | Place    | Note
-------+----------+-------------------------------------------
     0 | D:1      | Flugkiller the Deep Dwarf Fighter began the quest for the
                  | Orb.
     0 | D:1      | Reached XP level 1. HP: 20/20 MP: 1/1
   242 | D:1      | Reached XP level 2. HP: 27/27 MP: 2/2
   381 | D:2      | Reached XP level 3. HP: 26/34 MP: 3/3
   403 | D:2      | Reached skill level 3 in Axes
   451 | D:2      | Reached XP level 4. HP: 42/42 MP: 4/4
   752 | D:3      | Found a blossoming altar of Fedhas.
   753 | D:3      | Found an iron altar of Okawaru.
   753 | D:3      | Found a burning altar of Makhleb.
   769 | D:3      | Found a bloodstained altar of Trog.
   769 | D:3      | Found a stormy altar of Qazlal.
   777 | D:3      | Found a basalt altar of Yredelemnul.
   777 | D:3      | Found a white marble altar of Elyvilon.
   778 | D:3      | Found a shimmering altar of Xom.
   781 | D:3      | Became a worshipper of Makhleb the Destroyer
   876 | D:2      | Reached XP level 5. HP: 42/50 MP: 5/5
  1276 | D:4      | Reached skill level 4 in Axes
  1276 | D:4      | Reached skill level 1 in Invocations
  1339 | D:4      | Found a glowing drain.
  1381 | D:4      | Reached * piety under Makhleb
  1386 | Sewer    | Entered a sewer
  1464 | Sewer    | Reached XP level 6. HP: 48/57 MP: 5/7
  1504 | Sewer    | Found a white marble altar of Elyvilon.
  1568 | D:4      | Noticed Sigmund
  1582 | D:4      | Killed Sigmund
  1769 | D:4      | Reached XP level 7. HP: 48/66 MP: 8/8
  2020 | D:4      | Found Goesi's Serpentskin Sales.
  2029 | D:4      | Reached skill level 5 in Axes
  2045 | D:4      | Reached skill level 5 in Fighting
  2389 | D:4      | Reached ** piety under Makhleb
  2507 | D:5      | Entered Level 5 of the Dungeon
  2517 | D:5      | Reached skill level 5 in Shields
  2616 | D:5      | Reached XP level 8. HP: 75/75 MP: 10/10
  2641 | D:5      | Found a staircase to the Ecumenical Temple.
  2649 | D:5      | Reached skill level 6 in Axes
  2649 | D:5      | Reached skill level 5 in Armour
  2886 | D:5      | Got an ichor-stained chain mail
  2902 | D:5      | Identified the +9 chain mail of the Bruised Teeth {rCorr
                  | Int+3 Dex+4} (You found it on level 5 of the Dungeon)
  3353 | D:6      | Reached skill level 7 in Axes
  3491 | D:4      | Bought an uncursed ring of poison resistance for 240 gold
                  | pieces
  3539 | D:6      | Reached *** piety under Makhleb
  3761 | D:6      | Found a runed translucent door.
  3816 | D:6      | Noticed Nebesus's ghost (novice FoAK)
  3830 | D:6      | Found a shimmering blue altar of Sif Muna.
  3831 | D:6      | Noticed Duvessa
  3831 | D:6      | Noticed Dowan
  3842 | D:6      | Killed Dowan
  3855 | D:6      | Killed Duvessa
  3855 | D:6      | Reached skill level 5 in Invocations
  4064 | D:7      | Gained mutation: You passively map the area around you.
                  | [Deep Dwarf growth]
  4064 | D:7      | Reached XP level 9. HP: 55/85 MP: 12/12
  4273 | D:7      | Found Wuriag's Weapon Boutique.
  4513 | D:7      | Found a glowing golden altar of the Shining One.
  4687 | D:8      | Found Mimuraco's Antique Weapon Shoppe.
  4688 | D:8      | Noticed Prince Ribbit
  4717 | D:8      | Killed Prince Ribbit
  4717 | D:8      | Reached skill level 8 in Axes
  4768 | D:8      | Found Vopestroy's Weapon Shop.
  4773 | D:8      | Bought a +0 broad axe for 56 gold pieces
  5005 | D:8      | Noticed Psyche
  5017 | D:8      | Killed Psyche
  5329 | D:8      | Noticed Grum
  5331 | D:8      | Noticed Pikel
  5338 | D:8      | Reached **** piety under Makhleb
  5361 | D:8      | Killed Pikel
  5361 | D:8      | Reached XP level 10. HP: 70/96 MP: 14/14
  5371 | D:8      | Killed Grum
  5676 | D:9      | Found a transporter.
  5829 | D:9      | Killed an unseen horror
  5829 | D:9      | Reached skill level 9 in Axes
  5915 | D:9      | Found a transporter.
  5922 | D:9      | Noticed Skimidon's ghost (novice HOFi)
  6186 | D:9      | Found Esieq Eleafo's Weapon Emporium.
  6493 | D:10     | Entered Level 10 of the Dungeon
  6581 | D:10     | Noticed Erolcha
  6594 | D:10     | Killed Erolcha
  6594 | D:10     | Reached skill level 10 in Axes
  6674 | D:10     | Found a staircase to the Lair.
  6803 | D:10     | Noticed Urug
  6815 | D:10     | Killed Urug
  6815 | D:10     | Reached XP level 11. HP: 103/106 MP: 15/17
  6877 | D:10     | Killed an unseen horror
  7001 | D:10     | Reached ***** piety under Makhleb
  7487 | Lair:1   | Entered Level 1 of the Lair of Beasts
  7662 | Lair:1   | Found a gate leading to a gauntlet.
  7681 | Gauntlet | Entered a Gauntlet
  7681 | Gauntlet | Found a transporter.
  7681 | Gauntlet | Found a transporter.
  7681 | Gauntlet | Found a transporter.
  7681 | Gauntlet | Noticed a death scarab
  7681 | Gauntlet | Noticed a queen ant
  7682 | Gauntlet | Found a transporter.
  7685 | Gauntlet | Found a transporter.
  7694 | Gauntlet | Noticed a death scarab
  7695 | Gauntlet | Found a transporter.
  7699 | Gauntlet | Found a transporter.
  7707 | Gauntlet | Noticed a thrashing horror
  7708 | Gauntlet | Noticed an obsidian statue
  7713 | Gauntlet | Found a transporter.
  7716 | Gauntlet | Noticed a thrashing horror
  7799 | Gauntlet | Found a transporter.
  7808 | Gauntlet | Noticed a death scarab
  7809 | Gauntlet | Found a transporter.
  7813 | Gauntlet | Found a transporter.
  7823 | Gauntlet | Found a transporter.
  7930 | Gauntlet | Killed a death scarab
  7956 | Gauntlet | Reached skill level 11 in Axes
  7975 | Gauntlet | Got a smoking granite ring
  8028 | Gauntlet | Killed a death scarab
  8054 | Gauntlet | Identified the ring of Ufabuel {MR+ Stlth+} (You found it
                  | in a Gauntlet)
  8068 | Gauntlet | Killed a thrashing horror
  8071 | Gauntlet | Killed a thrashing horror
  8071 | Gauntlet | Reached skill level 10 in Fighting
  8077 | Gauntlet | Got a vibrating turquoise ring
  8082 | Gauntlet | Identified the ring "Folixtyjea" {rC++ MR- SInv Stlth+}
                  | (You found it in a Gauntlet)
  8100 | Gauntlet | Identified the +6 chain mail of the Invisible Hand {rF+
                  | Dex+3}
  8100 | Gauntlet | Noticed a minotaur
  8149 | Gauntlet | Killed a minotaur
  8161 | Gauntlet | Got a pair of jewelled gloves
  8179 | Lair:1   | Identified the +3 pair of gloves "Ygiecs" {MR+ Str+4 Int+4}
                  | (You found it in a Gauntlet)
  8755 | Lair:2   | Noticed a seven-headed hydra
  8781 | Lair:2   | Killed an 11-headed hydra
  8781 | Lair:2   | Reached XP level 12. HP: 53/116 MP: 17/17
  9544 | Lair:3   | Noticed Snorg
  9555 | Lair:3   | Killed Snorg
  9555 | Lair:3   | Reached skill level 12 in Axes
  9580 | Lair:3   | Found a staircase to the Snake Pit.
 10040 | Lair:4   | Reached skill level 10 in Invocations
 10728 | Lair:4   | Found a staircase to the Swamp.
 11018 | Lair:5   | Found a runed translucent gate.
 11018 | Lair:5   | Found a runed translucent gate.
 11018 | Lair:5   | Found a runed translucent gate.
 11025 | Lair:5   | Found a viscous altar of Jiyva.
 11025 | Lair:5   | Found a staircase to the Slime Pits.
 11052 | Lair:5   | Noticed Zimaveycw's ghost (journeyman OpFi)
 11091 | Lair:5   | Noticed a four-headed hydra
 11110 | Lair:5   | Killed a 12-headed hydra
 11195 | Lair:5   | Noticed a six-headed hydra
 11206 | Lair:5   | Killed a 14-headed hydra
 11206 | Lair:5   | Reached XP level 13. HP: 108/127 MP: 17/17
 11606 | D:11     | Reached skill level 13 in Axes
 11693 | D:11     | Reached skill level 10 in Armour
 11693 | D:11     | Reached skill level 10 in Shields
 11911 | D:12     | Noticed Maurice
 11938 | D:12     | Killed Maurice
 12468 | D:15     | Entered Level 15 of the Dungeon
 12494 | D:15     | Noticed a fire giant
 12497 | D:15     | Found a staircase to the Depths.
 12551 | D:15     | Reached skill level 14 in Axes
 12626 | D:15     | Killed a fire giant
 12938 | Snake:1  | Entered Level 1 of the Snake Pit
 12958 | Snake:1  | Gained mutation: You resist negative energy. (rN+) [Deep
                  | Dwarf growth]
 12958 | Snake:1  | Reached XP level 14. HP: 106/139 MP: 15/15
 13677 | Snake:3  | Reached ****** piety under Makhleb
 13785 | Snake:3  | Found Jyseo's Distillery.
 13788 | Snake:3  | Noticed a nagaraja
 13793 | Snake:3  | Bought a potion of haste for 130 gold pieces
 13793 | Snake:3  | Bought a potion of haste for 130 gold pieces
 13793 | Snake:3  | Bought a potion of heal wounds for 65 gold pieces
 13793 | Snake:3  | Bought a potion of resistance for 130 gold pieces
 13793 | Snake:3  | Bought a potion of heal wounds for 65 gold pieces
 13819 | Snake:3  | Killed a nagaraja
 13819 | Snake:3  | Reached skill level 15 in Axes
 13865 | Snake:4  | Entered Level 4 of the Snake Pit
 13865 | Snake:4  | Noticed Vashnia
 13887 | Snake:4  | Killed Vashnia
 14045 | Snake:4  | Reached XP level 15. HP: 55/148 MP: 15/15
 14052 | Snake:4  | Found a runed translucent gate.
 14053 | Snake:4  | Found a runed translucent gate.
 14082 | Snake:4  | Noticed Agnes
 14114 | Snake:4  | Killed Agnes
 14193 | Snake:4  | Noticed a nagaraja
 14197 | Snake:4  | Noticed a nagaraja
 14210 | Snake:4  | Killed a nagaraja
 14210 | Snake:4  | Killed a nagaraja
 14215 | Snake:4  | Noticed a nagaraja
 14237 | Snake:4  | Noticed a nagaraja
 14238 | Snake:4  | Killed a nagaraja
 14248 | Snake:4  | Noticed a nagaraja
 14258 | Snake:4  | Reached skill level 16 in Axes
 14259 | Snake:4  | Killed a nagaraja
 14280 | Snake:4  | Killed a nagaraja
 14358 | Snake:4  | Got a faintly humming plate armour
 14359 | Snake:4  | Identified the +4 plate armour of Death Resistance {rPois}
                  | (You found it on level 4 of the Snake Pit)
 14364 | Snake:4  | Got a serpentine rune of Zot
 14605 | Swamp:1  | Entered Level 1 of the Swamp
 14950 | Swamp:2  | Found a frozen archway.
 15036 | Swamp:3  | Reached XP level 16. HP: 159/159 MP: 14/14
 15148 | Swamp:4  | Entered Level 4 of the Swamp
 15879 | Swamp:4  | Noticed a bone dragon
 15894 | Swamp:4  | Got a decaying rune of Zot
 15901 | Swamp:3  | Noticed Bai Suzhen
 15935 | Swamp:3  | Killed Bai Suzhen
 15935 | Swamp:3  | Reached skill level 17 in Axes
 15996 | Swamp:2  | Noticed a thorn hunter
 16018 | Swamp:2  | Killed a thorn hunter
 16129 | Slime:1  | Entered Level 1 of the Pits of Slime
 16129 | Slime:1  | Noticed an acid blob
 16140 | Slime:1  | Killed an acid blob
 16196 | Slime:2  | Noticed an acid blob
 16196 | Slime:2  | Noticed an acid blob
 16198 | Slime:3  | Noticed an acid blob
 16205 | Slime:3  | Killed an acid blob
 16214 | Slime:3  | Reached skill level 15 in Fighting
 16233 | Slime:3  | Gained mutation: You are frail. (-10% HP) [a shining eye]
 16240 | Slime:3  | Gained mutation: You are clumsy. (Dex -2) [a shining eye]
 16292 | Slime:5  | Entered Level 5 of the Pits of Slime
 16301 | Slime:5  | Noticed an acid blob
 16312 | Slime:5  | Killed an acid blob
 16315 | Slime:5  | Noticed the Royal Jelly
 16323 | Slime:5  | Noticed an acid blob
 16323 | Slime:5  | Noticed an acid blob
 16323 | Slime:5  | Noticed an acid blob
 16325 | Slime:5  | Noticed an acid blob
 16325 | Slime:5  | Killed an acid blob
 16326 | Slime:5  | Killed an acid blob
 16326 | Slime:5  | Killed an acid blob
 16326 | Slime:5  | Killed an acid blob
 16327 | Slime:5  | Gained mutation: Potions are less effective at restoring
                  | your health. [a shining eye]
 16328 | Slime:5  | Noticed an acid blob
 16329 | Slime:5  | Noticed an acid blob
 16330 | Slime:5  | Noticed an acid blob
 16330 | Slime:5  | Noticed an acid blob
 16330 | Slime:5  | Noticed an acid blob
 16333 | Slime:5  | Killed the Royal Jelly
 16333 | Slime:5  | Reached XP level 17. HP: 131/153 MP: 15/15
 16334 | Slime:5  | Noticed an acid blob
 16336 | Slime:5  | Killed an acid blob
 16337 | Slime:5  | Killed an acid blob
 16338 | Slime:5  | Killed an acid blob
 16344 | Slime:5  | Killed an acid blob
 16345 | Slime:5  | Killed an acid blob
 16345 | Slime:5  | Reached skill level 15 in Invocations
 16352 | Slime:5  | Noticed an acid blob
 16352 | Slime:5  | Noticed an acid blob
 16358 | Slime:5  | Noticed an acid blob
 16368 | Slime:5  | Killed an acid blob
 16373 | Slime:5  | Killed an acid blob
 16377 | Slime:5  | Killed an acid blob
 16382 | Slime:5  | Killed an acid blob
 16383 | Slime:5  | Gained mutation: You occasionally shout uncontrollably at
                  | your foes. [a shining eye]
 16407 | Slime:5  | Got a slimy rune of Zot
 16409 | Slime:5  | Got a faintly glowing pewter ring
 16433 | Slime:5  | Got a faintly humming helmet
 16438 | Slime:5  | Found the +8 longbow "Zephyr" {speed, Dex+3 SInv}
 16445 | Slime:5  | Got a fading chain mail
 16490 | Slime:5  | Identified the +1 helmet "Ceyq" {rElec MR+ Stlth+} (You
                  | found it on level 5 of the Pits of Slime)
 16491 | Slime:5  | Identified the +2 chain mail of the Alphagorgon {rPois rC+}
                  | (You found it on level 5 of the Pits of Slime)
 16601 | Slime:2  | Killed an acid blob
 16612 | Slime:2  | Blown up by an eye of devastation

Illustrated notes

Levels and vault maps discovered:
D:1:      minmay_arrival_widening_spiral_narrow, layout_basic
D:2:      layout_loops_cross
D:3:      layout_basic, kennysheep_slug_shrine, grunt_temple_overflow_open,
          minmay_fountain_box
D:4:      cheibrodos_fertilizer, layout_basic, portal_sewer_entry_c,
          guppyfry_shop_venom, uniq_sigmund
D:5:      layout_basic, minmay_temple_entry_fiery, first_ration,
          hangedman_decor_clover_reticule, kennysheep_decorative_pillar
D:6:      layout_loops_ring, ebering_ghost_sewer_d, basic_altar, uniq_duvessa
D:7:      layout_cave_pools, serial_shops, nicolae_shop_statue_plus,
          serial_glass, glass_columns_a, glass_columns_b,
          nicolae_tso_carved_into_rock
D:8:      minmay_klotski, layout_basic, serial_shops, nicolae_shop_statue_plus,
          shop, uniq_pikel, uniq_prince_ribbit1, uniq_grum, uniq_psyche
D:9:      layout_loops_ring, gammafunk_ghost_arena, serial_shops,
          nicolae_shop_stone, hangedman_decor_points
D:10:     layout_irregular_city, grunt_lair_entry_orc_guard_hut, uniq_urug,
          uniq_erolcha
D:11:     layout_layer_cave, david_orc_4
D:12:     layout_basic, serial_shops, shop_fountains, uniq_maurice
D:13:     layout_stronghold, grunt_tengu_nest
D:14:     minmay_triangles_in_corner, layout_basic, erik_vaults_1,
          minmay_misc_feat_tiny, onia_ninara_cookie
D:15:     grunt_enter_depths_giant_problem, layout_irregular_city
Lair:1:   layout_chaotic_city, gauntlet_entry_generic
Lair:2:   layout_gridlike, minmay_stone_trees_small, infiniplex_staircase_pool_2
Lair:3:   layout_misc_corridors, dummy_snake_entry, beast_lair_carwin_2,
          uniq_snorg
Lair:4:   layout_long_grid, swamp_mist, special_room [special_room_bee],
          grunt_forest_small_clearing_treed, minmay_lair_oklob_chamber,
          serial_bayou_shore_b, serial_bayou_shore_b
Lair:5:   layout_small_grid, dpeg_slime_entry_enclosed_altar,
          ebering_ghost_rock_garden, kennysheep_abandoned_house,
          infiniplex_staircase_pool, grunt_megastairs_3
Swamp:1:  layout_falls_marsh, evilmike_swamp_ruin_rubble_2
Swamp:2:  layout_falls_marsh, portal_ice_cave_entry_pillars_1,
          evilmike_swamp_ruin_house_3, swamp_pool2
Swamp:3:  layout_basic_swamp, nicolae_swamp_stair_fork, uniq_bai_suzhen
Swamp:4:  swamp_pestilence, layout_basic_swamp
Snake:1:  layout_chambers, evilmike_ambush [evilmike_ambush_outer_corners,
          evilmike_ambush_inner_basic], uniq_donald, uniq_aizul
Snake:2:  layout_basic
Snake:3:  layout_rooms, serial_shops, shop, grunt_megastairs_5,
          minmay_shop_grove, uniq_kirke
Snake:4:  snake_pit, layout_cave_town, ebering_ghost_gozag, st_stairs_14,
          hangedman_snake_pattern, uniq_vashnia, uniq_agnes
Slime:1:  layout_caves
Slime:2:  layout_caves
Slime:3:  layout_caves
Slime:4:  layout_caves
Slime:5:  uniq_dissolution

Skill      XL: |  1  2  3  4  5  6  7  8  9 10 11 12 13 14 15 16 17 |
---------------+----------------------------------------------------+-----
Fighting       | 3 4 5 6 7 9 10 11 12 13 14 15 | 15.5
Axes           | 3 4 5 7 8 10 11 12 14 15 16 17 | 17.8
Shields        | 4 5 6 7 8 9 10 11 12 13 | 13.5
Armour         | 4 5 6 7 8 9 10 11 12 13 | 13.5
Invocations    | 1 2 3 5 6 8 9 10 11 12 13 14 15 | 15.0

Action                   |  1- 3 |  4- 6 |  7- 9 | 10-12 | 13-15 | 16-18 || total
-------------------------+-------+-------+-------+-------+-------+-------++-------
Melee: War axe           |    74 |   244 |   478 |       |       |       ||   796
       Broad axe         |       |       |    59 |   816 |   859 |   630 ||  2364
Invok: Lesser Servant of |       |       |       |    11 |     8 |     3 ||    22
       Greater Servant o |       |       |       |       |       |     3 ||     3
 Abil: Heal Wounds       |     1 |     1 |     3 |    22 |    29 |    16 ||    72
Evoke: Wand              |       |       |       |       |       |     2 ||     2
  Use: Scroll            |       |       |    18 |     7 |     8 |     5 ||    38
       Potion            |       |       |       |       |     5 |     1 ||     6
 Stab: Distracted        |       |       |       |     3 |     2 |       ||     5
  Eat: Chunk             |       |     4 |    12 |    19 |    14 |     4 ||    53
       Ration            |       |       |       |     1 |       |     1 ||     2
Armor: Scale mail        |    39 |       |       |       |       |       ||    39
       Chain mail        |       |   141 |   329 |   654 |   544 |    63 ||  1731
       Plate armour      |       |       |       |       |   110 |   447 ||   557
Dodge: Dodged            |    34 |    57 |   123 |   235 |   217 |   184 ||   850
Block: Kite shield       |    45 |   193 |   565 |   925 |   901 |   678 ||  3307
       Reflection        |       |     2 |     8 |    20 |   109 |    15 ||   154
